[Event "SVK ECo-C Extraliga 2021-22"]
[Site "Slovakia"]
[Date "2022.06.10"]
[Round "9.5"]
[White "Krak, Tomas"]
[Black "Varga, Lukas"]
[Result "1/2-1/2"]
[ECO "E92"]
[WhiteElo "2306"]
[BlackElo "2136"]
[Annotator "TA"]
[PlyCount "115"]
[EventDate "2021.10.21"]
[EventType "team-tourn"]
[EventCountry "SVK"]
[SourceTitle "playchess.com"]
[Source "ChessBase"]
[SourceQuality "1"]
[TimeControl "40/5400+30:1800+30"]

1. Nf3 Nf6 2. c4 g6 3. Nc3 Bg7 4. e4 O-O 5. d4 d6 6. Be2 e5 7. d5 a5 8. O-O Na6 9. Bg5 h6 10. Bh4 Qe8 11. Nd2 Bd7 12. b3 Nh7 13. a3 h5 14. f3 f5 {E92: King's Indian: Classical: 6 Be2 e5: 7 dxe5, 7 Be3 and Petrosian System without 7...Nbd7.} 15. exf5 gxf5 16. Qc2 {[#]} e4 $146 (16... Nf6 $11 {remains equal.}) ({Predecessor:} 16... Bh6 17. Kh1 Kh8 18. Bf2 Qg6 19. Rg1 Rg8 20. Rab1 Nf6 21. Nf1 h4 22. Bxh4 Nh5 {1-0 (43) Sivuk,V (2512)-Docena,J (2319) Olongapo City 2015}) 17. fxe4 $16 Nc5 18. Rae1 (18. Rac1 $16) 18... Qe5 $11 19. Nb5 c6 (19... fxe4 20. Nxc7 Rxf1+ 21. Rxf1 $16 (21. Bxf1 Rf8 $14)) (19... Bxb5 $11 20. cxb5 fxe4) 20. Nc7 $16 Rac8 {[#]} 21. Ne6 {Active counter play!} Nxe6 (21... Bxe6 $16 22. dxe6 fxe4) 22. dxe6 $18 Bxe6 {[#]} 23. Nf3 ({Don't do} 23. Bxh5 fxe4 24. Qxe4 Rxf1+ 25. Rxf1 Rf8 $16) ({White should play} 23. Bd3 $1 $18 Bd7 24. Nf3 (24. exf5 Qd4+ 25. Bf2 Qc3 $16) 24... Qc5+ 25. Bf2 Qxa3 26. e5 (26. exf5 Qb2 $16) 26... dxe5 27. Nxe5 Bxe5 28. Rxe5) 23... Qc3 $14 24. Bd3 {And now Qb1 would win.} fxe4 {Threatens to win with ...d5.} 25. Bxe4 Qxc2 26. Bxc2 Bf5 27. Bxf5 Rxf5 28. Rd1 (28. Re7 {seems wilder.} b5 29. cxb5 cxb5 30. Rb1) 28... Bf8 29. Rd3 d5 30. cxd5 Rxd5 31. Rxd5 cxd5 32. a4 Rc3 33. Rd1 Bc5+ 34. Kf1 Rxb3 35. Rxd5 Rb1+ 36. Ke2 Rb2+ 37. Kd3 b6 38. g3 Rb3+ 39. Ke4 Nf8 40. Rg5+ Kf7 41. Ne5+ Ke6 42. Nd3 Ra3 43. Re5+ ({Don't play} 43. Rxh5 Rxa4+ 44. Kf3 Bd6 $11) 43... Kd7 (43... Kf7 $14) 44. Nxc5+ $16 bxc5 45. Rxc5 Rxa4+ {[%mdl 4096] Endgame KRB-KRN} 46. Kf5 Kd6 47. Rc2 (47. Re5 $16 {Strongly threatening Be7+.} Nd7 48. Be7+ Kc7 49. Re3) 47... Rd4 $11 {The position is equal.} 48. Bf6 Rd5+ 49. Ke4 Rb5 $1 50. Rd2+ Ke6 51. Bd4 Rb4 52. Rc2 Kd6 {Hoping for ...Ne6.} 53. Kd3 {aiming for Bc5+.} Ne6 {Against Bc5+} 54. Bc3 Nc5+ 55. Ke3 Re4+ 56. Kf3 Ra4 57. Rd2+ Ke6 58. Re2+ {Weighted Error Value: White=0.15 (very precise) /Black=0.14 (very precise)} 1/2-1/2

[Event "SVK ECo-C Extraliga 2021-22"]
[Site "Slovakia"]
[Date "2022.06.10"]
[Round "9.6"]
[White "Briestensky, Rastislav"]
[Black "Czebe, Attila"]
[Result "0-1"]
[ECO "B30"]
[WhiteElo "2312"]
[BlackElo "2366"]
[Annotator "TA"]
[PlyCount "52"]
[EventDate "2021.10.21"]
[EventType "team-tourn"]
[EventCountry "SVK"]
[SourceTitle "playchess.com"]
[Source "ChessBase"]
[SourceQuality "1"]
[TimeControl "40/5400+30:1800+30"]

1. e4 c5 2. Nf3 Nc6 3. Bb5 e6 4. O-O Nd4 5. Nxd4 cxd4 6. c3 {[%emt 0:00:23] B30: Sicilian: 2...Nc6 3 Bb5, lines without ...g6.} Bc5 7. b4 Bb6 {[%emt 0:02:20] [#]} 8. a4 $146 {[%emt 0:03:32][%cal Ba2a4,Ba4a5][%mdl 32] White is slightly better.} ({Predecessor:} 8. Bb2 Nf6 9. Qf3 O-O 10. cxd4 d5 11. e5 Ne8 12. a4 a6 13. Bd3 Bd7 14. a5 {1-0 (41) Goryachkina,A (2592)-Shtyka,S (2175) Chess.com INT 2020}) 8... a6 9. Bd3 Ne7 10. Na3 O-O 11. a5 Ba7 12. c4 e5 13. c5 d6 14. cxd6 Ng6 15. Bc4 d3 16. Bxd3 Qxd6 17. Bc4 Qxb4 18. Qb3 ({White should play} 18. Ra2 $1 $15) 18... Qxa5 $17 19. Nb5 $2 {[%emt 0:00:06][%mdl 8192] Prevents Qc7. Loses the game.} Qxa1 $19 {Black is clearly winning.} 20. Ba3 {[%emt 0:10:27] [#]} axb5 $1 21. Rxa1 bxc4 22. Qb4 Bd4 23. Rc1 Bd7 24. Rxc4 Nf4 25. Rc7 (25. Rxd4 $142 Ne2+ 26. Kf1 Nxd4 27. Bb2) 25... Bc6 26. Qb3 Ne6 {[%emt 0:00:35] Weighted Error Value: White=0.75/Black=0.11 (very precise)} 0-1

[Event "SVK ECo-C Extraliga 2021-22"]
[Site "Slovakia"]
[Date "2022.06.10"]
[Round "9.6"]
[White "Jozefek, Michal"]
[Black "Pacher, Milan"]
[Result "1-0"]
[ECO "A31"]
[WhiteElo "2201"]
[BlackElo "2394"]
[Annotator "TA"]
[PlyCount "79"]
[EventDate "2021.10.21"]
[EventType "team-tourn"]
[EventCountry "SVK"]
[SourceTitle "playchess.com"]
[Source "ChessBase"]
[SourceQuality "1"]
[TimeControl "40/5400+30:1800+30"]

1. d4 Nf6 2. c4 c5 3. Nf3 cxd4 4. Nxd4 e5 5. Nc2 b5 6. cxb5 {[%emt 0:08:35] A31: Symmetrical English: 2 Nf3 Nf6 3 d4.} d5 7. Bg5 Bb7 {[%emt 0:01:40] [#]} 8. e4 $146 (8. e3 $14) ({Predecessor:} 8. e3 Nbd7 9. Be2 Rc8 10. O-O h6 11. Bh4 g5 12. Bg3 h5 13. f4 gxf4 14. exf4 {0-1 (28) Dobrotka,M (2259)-Kozul,Z (2602) Skopje 2012}) 8... d4 (8... Bc5 $5 ) 9. Bd3 Nbd7 10. b4 {[%emt 0:01:08] Against Nc5} Be7 11. Qe2 O-O 12. O-O Rc8 13. Nd2 ({Better is} 13. a4 $14) 13... Rc3 $11 14. f3 Nh5 15. Bxe7 Qxe7 16. g3 {[%emt 0:00:47] Prevents Nf4.} Rfc8 $36 {[%emt 0:00:41][%mdl 3072] Black has compensation. White is under pressure.} (16... Qg5 {seems wilder.} 17. Kf2 Rfc8 18. Ne1 Qe7) 17. Nb1 R3c7 18. a4 Qg5 {[%emt 0:01:09] next ...Nf4 is good for Black.} 19. Ra2 (19. Qg2 $11) 19... Nf4 $1 $17 20. Qd2 h6 {[%emt 0:01:02] aiming for ...Nf6.} 21. Kh1 $2 (21. Nxd4 $1 $15 Nxd3 22. Nc6) 21... Nxd3 $19 22. Qxd3 f5 {[%emt 0:00:25] Hoping for ...fxe4.} 23. exf5 (23. Ne1 $142 fxe4 24. fxe4) 23... e4 24. Qb3+ (24. fxe4 Nf6 25. Re1 Nxe4) (24. Qxd4 exf3 25. Ne1) 24... Kh8 25. Nxd4 {[%emt 0:02:52] [#]} exf3 $2 (25... Rc1 $1 $19 26. Nd2 exf3) 26. Raf2 (26. Nxf3 $2 Ne5 27. Nbd2 Rc3 $19) (26. Nc6 $17) 26... Ne5 ({Black should play} 26... Rc1 $19 27. Nc6 (27. Nxf3 $2 Ne5 $19) 27... Rxf1+ 28. Rxf1 Qxf5 29. Qxf3 (29. Rxf3 Rxc6 30. bxc6 Bxc6 $11) 29... Qc2) 27. Ne6 {[%emt 0:06:44] [#]} ({Don't go for} 27. Nxf3 $2 Nxf3 28. Rxf3 Rc1 29. Rxc1 Bxf3+ 30. Qxf3 Rxc1+ 31. Kg2 Rxb1 $19) (27. Nc6 $17 {was the only defense.} Nxc6 28. bxc6 Rxc6 29. Nd2 (29. Qxf3 $2 Rb6 $19)) 27... Rc1 $4 28. Nxg5 $18 Rxf1+ 29. Rxf1 f2+ {[%emt 0:00:05] [#]} 30. Nf3 $1 Nxf3 (30... Bxf3+ 31. Qxf3) 31. Qf7 Ba8 (31... Rb8 $142 32. Rxf2 Ne5+ 33. Qxb7 Rxb7) 32. Qxa7 {[%emt 0:00:23] Black must now prevent Kg2.} Be4 33. Kg2 Rc2 34. Rxf2 Ng5+ 35. Kf1 Rc1+ 36. Ke2 Rxb1 37. f6 {[%emt 0:00:23] White mates.} gxf6 38. Rxf6 Bf3+ 39. Ke3 Rb3+ 40. Kd4 {[%emt 0:00:26] Weighted Error Value: White=0.63/Black=0.88} 1-0

[Event "SVK ECo-C Extraliga 2021-22"]
[Site "Slovakia"]
[Date "2022.06.10"]
[Round "9.6"]
[White "Nadzamova, Viktoria"]
[Black "Sepesi, Samuel"]
[Result "1/2-1/2"]
[ECO "A45"]
[WhiteElo "2101"]
[BlackElo "2137"]
[Annotator "TA"]
[PlyCount "90"]
[EventDate "2021.10.21"]
[EventType "team-tourn"]
[EventCountry "SVK"]
[SourceTitle "playchess.com"]
[Source "ChessBase"]
[SourceQuality "1"]
[TimeControl "40/5400+30:1800+30"]

1. d4 Nf6 2. Nc3 d5 3. Bf4 g6 4. e3 Bg7 5. Be2 O-O 6. h4 {[%emt 0:05:30] D00: 1 d4 d5: Unusual lines.} c5 7. Nf3 Nc6 8. Ne5 {[%emt 0:10:48] Black has an edge.} Qb6 9. Nxc6 {[%emt 0:07:02] [#]} bxc6 $146 ({Predecessor:} 9... Qxc6 10. h5 a6 11. Bf3 Rd8 12. hxg6 hxg6 13. Be5 Be6 14. Ne2 Bf5 15. c3 Be4 {½-½ (27) Todor,R (2215)-Schmid,T (2172) Austria 2008}) 10. Rb1 (10. Na4 $1 $11 Qa5+ 11. c3) 10... Nd7 11. Na4 Qa5+ 12. c3 cxd4 13. b4 Qd8 14. cxd4 e5 15. dxe5 Nxe5 16. Nc5 Bf5 17. Rc1 Qb6 $36 {[%emt 0:02:53][%mdl 2048] Black fights for an advantage.} 18. a3 a5 19. Na4 Qb7 20. Nc5 Qb6 (20... Qe7 $11) 21. Na4 $17 Qa7 22. b5 ({White should play} 22. Nc5 $1 $15) 22... cxb5 23. Bxb5 Rab8 24. Be2 Qe7 (24... Rfd8 $1 $17 {Threatens to win with ...d4.} 25. O-O d4) 25. O-O $15 Qxa3 26. Nc3 (26. h5 $15 {might be stronger.}) 26... Rfd8 (26... Rfc8 $1 $17 27. Nxd5 Rd8) 27. Nb5 Qb4 28. Nd4 Rbc8 (28... Bd7 $15) 29. Nxf5 $11 Rxc1 30. Qxc1 gxf5 31. Qc7 Re8 32. g3 Nc4 $2 (32... a4 $11 {and Black is okay.}) 33. Qd7 $18 Qe7 34. Qxd5 Ne5 35. Qxa5 Qb7 36. f3 (36. Rd1 $18) 36... Ra8 $16 37. Qb5 Qxb5 38. Bxb5 Rb8 (38... Ng6 $16 {is a better defense.} 39. Kg2 Nxf4+ 40. exf4 (40. gxf4 Ra3 $16) 40... Ra2+ 41. Kh3 Ra3) 39. Be2 Rb2 {[%emt 0:00:20] [#]} 40. Rf2 ({Better is} 40. Rc1 $1 $16 {And now Rc8+ would win.} f6 (40... Ng6 41. Rc8+) 41. Rc8+ Kf7 42. Rc7+ Kg6 {[#]} 43. g4 $1) 40... Ng6 $14 41. Bd6 f4 42. gxf4 Nxh4 43. Bc5 {[%emt 0:04:25] A strong pair of Bishops.} (43. Bd3 $16) 43... Rc2 $11 {[%emt 0:05:54] The position is equal.} 44. Bb6 Rb2 45. Bc5 {[%emt 0:01:21] White wants to play Bd3.} Rc2 {[%emt 0:01:51] Black escapes into a draw.  Weighted Error Value: White=0.22 (precise) /Black=0.28 (precise)} 1/2-1/2

[Event "SVK ECo-C Extraliga 2021-22"]
[Site "Slovakia"]
[Date "2022.06.10"]
[Round "9.7"]
[White "Jacko, Vladimir"]
[Black "Brnusak, Tomas"]
[Result "1/2-1/2"]
[ECO "E09"]
[WhiteElo "2389"]
[BlackElo "2212"]
[Annotator "TA"]
[PlyCount "110"]
[EventDate "2021.10.21"]
[EventType "team-tourn"]
[EventCountry "SVK"]
[SourceTitle "playchess.com"]
[Source "ChessBase"]
[SourceQuality "1"]
[TimeControl "40/5400+30:1800+30"]

1. d4 Nf6 2. c4 e6 3. Nf3 d5 4. Qc2 c6 5. Nbd2 Nbd7 6. g3 Be7 7. Bg2 O-O 8. O-O b6 9. e4 dxc4 $1 {[%emt 0:03:26][%mdl 4] now scores much better than the old 9...Bb7.} 10. Nxc4 Ba6 {[%emt 0:01:27][%cal Of6e4] E09: Closed Catalan: Main Line: 7 Qc2 c6 8 Nbd2.} 11. Rd1 Rc8 12. b3 c5 {[%emt 0:11:49] White is slightly better.} 13. d5 exd5 14. exd5 {[%emt 0:00:00] [#]} Bxc4 $146 ({Predecessor:} 14... b5 15. Nce5 Qc7 16. Nc6 Bd6 17. Bb2 Rfe8 18. Ng5 b4 19. Ne4 Nxe4 20. Bxe4 g6 {1-0 (40) Ivanov,B (2128)-Ivanov,L (1949) Plovdiv 2010}) 15. bxc4 Ne8 (15... Bd6 $142) 16. Bh3 Nd6 17. Bf4 Ra8 18. Qa4 f5 (18... Nf6 $16) 19. Re1 $18 Rf7 20. Re6 Nf8 21. Re2 ({White should play} 21. Ne5 $18 {Black must now prevent Nc6.} Rf6 22. Nc6 Nxe6 23. Nxd8 Nxf4 24. gxf4) 21... Ng6 (21... g5 $16) 22. Bxd6 Bxd6 23. Rae1 $1 Qc7 24. Ng5 Rf6 25. Re8+ Rxe8 26. Qxe8+ (26. Rxe8+ $18 Nf8 27. Ra8) 26... Nf8 $16 27. Re6 {[%emt 0:01:07] 0x0.000bd68b2ba7dp-1022s more active pieces. The black rooks are badly placed.} Rxe6 28. Nxe6 Qd7 29. Qxd7 (29. Qa8 $14 g6 30. Bg2) 29... Nxd7 $11 30. Bxf5 $14 {[%emt 0:00:44][%cal Oe6g7][%mdl 4096] Endgame aiming for Nxg7! KBN-KBN} Ne5 31. Ng5 Nxc4 32. Bxh7+ Kf8 33. Kf1 Ke7 34. Ke2 Kf6 35. f4 Bf8 ({Better is} 35... b5 $14) 36. Ne4+ (36. h4 $18) 36... Ke7 $16 37. Kd3 Nd6 {[%emt 0:00:06] [#]} 38. Nxd6 (38. Ng5 $1 $16) 38... Kxd6 {[%emt 0:00:03] KB-KB} 39. Kc4 a6 40. Be4 b5+ 41. Kd3 (41. Kb3 $11) 41... c4+ (41... Be7 $17) 42. Kd4 $11 Be7 43. g4 (43. Bc2 $1 $11 {keeps the balance.}) 43... Bf6+ $17 44. Ke3 g5 45. h3 (45. fxg5 $17 Bxg5+ 46. Kf3) 45... a5 $19 46. fxg5 Bxg5+ 47. Kd4 $2 (47. Ke2 {was the only defense.}) 47... Bf6+ 48. Ke3 {[%emt 0:00:04] [#]} Ke5 $2 (48... a4 $1 $19 {Hoping for ...b4.} 49. Kd2 b4) 49. Bf3 $2 (49. Bg6 $17) 49... a4 $2 (49... Bg5+ $19 {is more deadly.} 50. Kf2 a4) 50. Kd2 $17 a3 (50... Kd6 $17) 51. Kc2 (51. g5 $11 Bg7 52. Kc3) 51... b4 {[%emt 0:00:00][%mdl 1024] Black has compensation.} 52. Kb1 Kd4 (52... Bg5 $15) 53. d6 $11 {[%emt 0:00:06] The position is equal.} Kc3 54. Bd5 Kd3 55. Bf7 Kc3 {[%emt 0:00:00] What a fight!  Weighted Error Value: White=0.42/Black=0.45} 1/2-1/2

[Event "SVK ECo-C Extraliga 2021-22"]
[Site "Slovakia"]
[Date "2022.06.10"]
[Round "9.7"]
[White "Lipka, Juraj"]
[Black "Gzib, David"]
[Result "1-0"]
[ECO "A46"]
[WhiteElo "2379"]
[BlackElo "2040"]
[Annotator "TA"]
[PlyCount "66"]
[EventDate "2021.10.21"]
[EventType "team-tourn"]
[EventCountry "SVK"]
[SourceTitle "playchess.com"]
[Source "ChessBase"]
[SourceQuality "1"]
[TimeControl "40/5400+30:1800+30"]

1. d4 Nf6 2. Nf3 b5 3. e4 Nxe4 4. Bxb5 c6 5. Bd3 d5 6. O-O {[%emt 0:03:56] [#] A46: 1 d4 Nf6 2 Nf3 e6: Torre, London and Colle Systems.} Bf5 $146 ({Predecessor:} 6... Bg4 7. h3 Bh5 8. Re1 Nd6 9. Bg5 Qb6 10. Nbd2 e6 11. Nb3 Nd7 12. Qe2 h6 {1-0 (25) Voit,D (2343)-Purtseladze,M (2274) Chess.com INT 2020}) 7. Re1 e6 8. Nbd2 {[%emt 0:06:52][%cal Rd2e4] White is slightly better.} Nd6 9. Nb3 Nd7 10. Bf4 Bxd3 11. cxd3 Be7 12. Rc1 Rc8 13. Re2 g5 {[%emt 0:04:44] [#]} (13... O-O $11) 14. Nxg5 $1 $18 Bxg5 15. Bxd6 {[%emt 0:00:06][%cal Oe2e6] And now Rxe6+! would win.} Nf6 {[%emt 0:01:32] [#]} (15... Bxc1 {gets mated.} 16. Rxe6+ $3 ) 16. Be5 $1 Bxc1 17. Qxc1 Rg8 18. Rc2 Nd7 19. Rxc6 Nb6 {[%emt 0:02:42] [#]} (19... Rxc6 $16 20. Qxc6 Kf8) 20. Rc5 $1 Rxc5 21. dxc5 Nd7 (21... Nc8 $142 22. g3 Qg5) 22. Bg3 Qg5 23. Qc3 f5 {[%emt 0:05:23] aiming for ...f4.} 24. c6 Nb6 {[%emt 0:02:49] White must now prevent ...f4.} 25. h4 (25. Qe1 $18) 25... Qg7 {[%emt 0:01:30] [#]} (25... Qg4 $16) 26. Qe1 $1 Kf7 {[%emt 0:00:49] Threatens to win with ...f4.} 27. Nc5 Qf6 (27... e5 $16) 28. Be5 Qxh4 29. Nb7 {[%emt 0:00:41] The board is on fire.} (29. Qa5 $18 Qe7 30. Nb3) 29... Nc8 ({Black should play} 29... f4 $1 $14) 30. c7 {[%emt 0:00:20] g3 is the strong threat.} Qg5 (30... f4 $142) 31. Nd8+ (31. g3 $18) 31... Rxd8 $16 32. cxd8=Q Qxd8 33. g3 {[%emt 0:00:16] White is more active.} (33. Qe3 $142) 33... h5 {[%emt 0:01:07] Weighted Error Value: White=0.28 (precise) /Black=0.36} (33... Ne7 $16 {is a better defense.}) 1-0

[Event "SVK ECo-C Extraliga 2021-22"]
[Site "Slovakia"]
[Date "2022.06.10"]
[Round "9.7"]
[White "Csonka, Attila Istvan"]
[Black "Zetocha, Claudiu"]
[Result "0-1"]
[ECO "B40"]
[WhiteElo "2334"]
[BlackElo "2287"]
[Annotator "TA"]
[PlyCount "70"]
[EventDate "2021.10.21"]
[EventType "team-tourn"]
[EventCountry "SVK"]
[SourceTitle "playchess.com"]
[Source "ChessBase"]
[SourceQuality "1"]
[TimeControl "40/5400+30:1800+30"]

1. e4 c5 2. Nf3 e6 3. b3 b6 4. Bb2 Bb7 5. Qe2 d6 (5... Nc6 $11) 6. g3 {[%emt 0:01:24] B40: Sicilian: 2...e6, Unusual lines.} Nf6 7. d3 Be7 8. Bg2 {[%emt 0:00:11] The position is equal.} O-O 9. O-O Nbd7 10. c4 Qc7 11. Nc3 a6 12. Rae1 {[%emt 0:05:16] [#]} Rfd8 $146 ({Predecessor:} 12... Ne5 13. Nxe5 dxe5 14. f4 Nd7 15. f5 Qd6 16. Bh3 Rad8 17. Nd1 Nf6 18. Nf2 Bc8 {0-1 (57) Zuttioni,F (2177)-Zamar Kodelja,J (2249) Lignano Sabbiadoro 2017}) 13. h3 Ne8 14. Nh2 ({White should try} 14. d4 $14) 14... Bf6 $11 15. f4 Bc6 16. Ng4 Bd4+ 17. Kh2 Nef6 18. Ne3 b5 19. Ncd1 Bxb2 20. Qxb2 bxc4 21. bxc4 Qa5 22. g4 Rab8 23. Qf2 Qa3 {[%emt 0:01:41] [#]} (23... Ba4 $11 {remains equal.}) 24. g5 (24. e5 $1 $16 Bxg2 25. Nxg2) 24... Nh5 25. Qe2 g6 26. Ng4 Rf8 27. Rf3 Ba4 28. f5 Bxd1 29. Rxd1 Qb2 30. Rd2 Qd4 31. Qf1 $2 {[%emt 0:03:23] [#]} (31. Rf1 $11) 31... Ne5 32. Nh6+ (32. Qf2 {keeps fighting.}) 32... Kg7 $19 33. f6+ Kh8 {[%emt 0:00:07] Chess con chili.} 34. Rff2 Qe3 35. Ng4 Qg3+ {[%emt 0:02:31] Weighted Error Value: White=0.45/Black=0.20 (precise)} 0-1

[Event "SVK ECo-C Extraliga 2021-22"]
[Site "Slovakia"]
[Date "2022.06.10"]
[Round "9.7"]
[White "Kravec, Patrik"]
[Black "Klemanic, Emil"]
[Result "1-0"]
[ECO "A25"]
[WhiteElo "2140"]
[BlackElo "2104"]
[Annotator "TA"]
[PlyCount "100"]
[EventDate "2021.10.21"]
[EventType "team-tourn"]
[EventCountry "SVK"]
[SourceTitle "playchess.com"]
[Source "ChessBase"]
[SourceQuality "1"]
[TimeControl "40/5400+30:1800+30"]

1. c4 e5 2. Nc3 Nc6 3. g3 g6 4. Bg2 Bg7 5. Nf3 d6 6. O-O f5 7. d3 Nf6 8. Rb1 O-O 9. Bd2 h6 {[%emt 0:01:58] A26: English Opening vs King's Indian with ...Nc6 and d3.} 10. Ne1 Be6 11. Nd5 Qd7 {[%emt 0:02:54] [#] The position is equal.} 12. f4 $146 ({Predecessor:} 12. b4 a6 13. e3 g5 14. Qc2 f4 15. a4 Rae8 16. b5 axb5 17. axb5 Nd8 18. exf4 exf4 19. Nxf6+ Bxf6 20. gxf4 {0-1 (30) Werner,M-Herzog,W Germany South 1985}) 12... Rae8 13. Nc2 e4 ({Better is} 13... exf4 $15 14. gxf4 (14. Nxf4 Bf7 $11) 14... Bxd5 15. cxd5 Ne7) 14. Nc3 (14. Nxf6+ $11 Bxf6 15. Bc3) 14... exd3 $15 15. exd3 d5 16. b3 Rd8 {[%emt 0:08:43] Strongly threatening ...dxc4.} 17. Be1 dxc4 (17... Rfe8 $15) 18. dxc4 $11 Qf7 19. Qf3 Ng4 20. Ne2 (20. Rd1 $11) 20... Rfe8 $1 $17 21. h3 Nf6 22. Nc3 Ne4 $1 23. Nxe4 fxe4 24. Qe2 Nd4 25. Nxd4 Bxd4+ 26. Kh2 c5 (26... h5 $17) 27. g4 $15 e3 28. Rc1 Rf8 29. Bg3 (29. Bh4 $5 ) 29... Qh7 30. Be4 Rd7 (30... Bc8 $11 {remains equal.}) 31. Qc2 (31. f5 $5 Bf7 32. Qd3 $14) 31... Rf6 32. Rcd1 $2 {[%emt 0:01:32] [#]} (32. Bh4 $16 {stays on course.}) 32... h5 $1 $17 33. g5 {[%emt 0:00:26] [#]} Rf5 34. h4 {[%emt 0:00:38] [#]} (34. Bh4 Qg7) 34... Qe7 35. Rde1 $1 $11 Qd6 36. Rf3 Rdf7 37. Ref1 b6 38. Qe2 Bd7 39. Bxf5 Bxf5 40. Rxe3 Bxe3 41. Qxe3 Re7 42. Qf2 (42. Qf3 $1 $11) 42... Qd3 $36 {[%emt 0:00:00][%mdl 2048] White must now prevent ...Re2. White is under pressure.} 43. Re1 {[%emt 0:00:00] Prevents Re2.} Rxe1 44. Qxe1 {[%emt 0:00:00][%mdl 4096] Endgame KQB-KQB} Be4 $1 45. Qf2 Qd1 {[%emt 0:00:00][%csl Ge4][%cal Rd1h1][%mdl 1024] Black has compensation.} 46. Kh3 Bf5+ ({Black should play} 46... Kf7 $15) 47. Kh2 $11 Be4 (47... Kf7 $11) 48. Kh3 $1 $15 Bf5+ (48... Kf7 $15) 49. Kh2 $11 Be4 (49... Kf7 $11) 50. Kh3 $1 $15 Bf5+ {[%mdl 32768] Weighted Error Value: White=0.20 (precise) /Black=0.16 (very precise) . Loss on time!?} (50... Kf7 $15) 1-0

[Event "SVK ECo-C Extraliga 2021-22"]
[Site "Slovakia"]
[Date "2022.06.10"]
[Round "9.8"]
[White "Petran, Peter"]
[Black "Molnar, Erno"]
[Result "1/2-1/2"]
[ECO "A20"]
[WhiteElo "2240"]
[BlackElo "2223"]
[Annotator "TA"]
[PlyCount "94"]
[EventDate "2021.10.21"]
[EventType "team-tourn"]
[EventCountry "SVK"]
[SourceTitle "playchess.com"]
[Source "ChessBase"]
[SourceQuality "1"]
[TimeControl "40/5400+30:1800+30"]

1. c4 e5 2. g3 Nf6 3. Bg2 c6 4. d4 Bb4+ 5. Bd2 Bxd2+ 6. Qxd2 d6 7. Nc3 O-O 8. e4 {[%emt 0:02:32] [#]} b5 $146 {[%emt 0:01:37] A20: English Opening: 1...e5.} ({Predecessor:} 8... Be6 9. b3 Qa5 10. Nge2 b5 11. d5 Bc8 12. cxb5 cxb5 13. a3 Qb6 14. O-O a5 15. Rfb1 Na6 16. b4 {1-0 (66) Balog,I (2550)-Balogh,C (2589) Hungary 2019}) 9. cxb5 cxb5 10. Nge2 a6 11. O-O Bb7 12. a3 Nc6 13. Rad1 Rc8 14. b4 Qb6 15. d5 Ne7 16. h3 Nd7 17. Nc1 f5 (17... Qc7 $5 18. N1e2 Nb6 $15) 18. exf5 Nxf5 19. N1e2 Ne7 20. Ne4 Nf6 ({Don't play} 20... Bxd5 21. Nxd6 Qxd6 22. Bxd5+ Nxd5 23. Qxd5+ Qxd5 24. Rxd5 $14) 21. N2c3 Rc4 22. Nxf6+ Rxf6 23. Rc1 Rd4 24. Qc2 Rf8 (24... Nxd5 $2 25. Nxd5 Rxd5 26. Qb3 $18) 25. Ne2 Rc4 (25... Rc8 $5 26. Qb2 Rdc4 $15) 26. Qd2 Rxc1 27. Nxc1 Nf5 {[%emt 0:08:37] [#] And now ...Nxg3 would win.} 28. Ne2 Rc8 29. Be4 Nd4 30. Re1 Rc2 31. Qd3 Rxe2 32. Rxe2 Nxe2+ 33. Qxe2 $11 {[%emt 0:00:01][%mdl 4096] Endgame KQB-KQB} Qc7 34. Qd3 (34. Qh5 {with more complications.} g6 35. Qg5 Kf7 36. Qe3) 34... g6 35. h4 Qf7 36. Qd2 Kg7 37. h5 Qe7 38. h6+ Kf7 39. Qe3 Kg8 ({Better is} 39... Qc7 $11) 40. Qb6 (40. Qa7 $5 Qd7 41. Qe3 $11) 40... Kf7 41. Qa7 {[%emt 0:30:25] [#] Qb8 is the strong threat.} Qc7 {[%emt 0:30:15] Against Qb8} 42. Kh2 Qd7 43. Qe3 (43. g4 $5) 43... Bc8 {[%emt 0:00:00] The position is equal.} 44. Kg1 Qg4 45. Bf3 Qf5 46. Be4 Qg4 47. Bf3 Qf5 {Weighted Error Value: White=0.09 (flawless) /Black=0.07 (flawless)} 1/2-1/2